 Dungeon Crawl Stone Soup version 0.26.1-11-gd32895ea62 (webtiles) character file.

Game seed: 990452215579702524

7774 Tirrikindir the Carver (level 11, -6/81 HPs)
             Began as a Formicid Fighter on May 17, 2021.
             Was an Elder of Nemelex Xobeh.
             Killed by refrigeration
             ... invoked by Fannar
              (35 damage)
             ... on level 10 of the Dungeon on May 18, 2021.
             The game lasted 00:37:53 (10902 turns).

Tirrikindir the Carver (Formicid Fighter)          Turns: 10902, Time: 00:37:54

Health: -6/81      AC: 28    Str: 24    XL:     11   Next: 43%
Magic:  16/16      EV: 16    Int:  5    God:    Nemelex Xobeh [****..]
Gold:   129        SH: 14    Dex: 10    Spells: 10/10 levels left

rFire    . . .     SeeInvis +   z - +4 long sword (protect)
rCold    . . .     Faith    .   c - +3 kite shield
rNeg     . . .     Spirit   .   n - +4 ring mail
rPois    +         Reflect  .   (helmet unavailable)
rElec    .         Harm     .   b - +2 cloak {rPois}
rCorr    +         Rampage  .   A - +1 pair of gloves
Will     +++..                  B - +2 pair of boots {run}
Stlth    ..........             H - necklace of Bloodlust {*Rage +Rage Will++ Int-3 Slay+6 *Curse}
HPRegen  0.23/turn              J - +4 ring of evasion
MPRegen  0.15/turn              q - ring of resist corrosion

@: protection aura, quick
A: permanent stasis, dig shafts and tunnels, four strong arms, antennae 3,
iridescent scales 1, MP-powered wands
a: Dig, Shaft Self, Renounce Religion, Draw Escape, Draw Destruction, Draw
Summoning, Triple Draw, Deal Four


You were on level 10 of the Dungeon.
You worshipped Nemelex Xobeh.
Nemelex Xobeh was greatly pleased with you.
You visited 2 branches of the dungeon, and saw 11 of its levels.
You also visited: Sewer and Ossuary.

You collected 567 gold pieces.
You spent 438 gold pieces at shops.

Inventory:

Hand Weapons
 s - a +0 rapier
 z - a +4 long sword of protection (weapon)
Armour
 b - a +2 cloak of poison resistance (worn)
 c - a +3 kite shield (worn)
 n - a +4 ring mail (worn)
 t - a scarf of invisibility
 w - a +1 ring mail of poison resistance
 A - a +1 pair of gloves (worn)
 B - a +2 pair of boots of running (worn)
 D - a +0 plate armour
Jewellery
 e - an uncursed ring of wizardry
 h - an uncursed ring of wizardry
 l - an uncursed amulet of reflection
 q - a ring of resist corrosion (right hand)
 F - an uncursed ring of flight
 G - an uncursed ring of magical power
 H - the necklace of Bloodlust (around neck) {*Rage +Rage Will++ Int-3 Slay+6 *Curse}
   (You found it on level 9 of the Dungeon)

   [amulet of nothing]

   It affects your intelligence (-3).
   It affects your accuracy and damage with ranged weapons and melee attacks
   (+6).
   It affects your willpower, your defense against some magical effects.
   It lets you go berserk.
   It may make you go berserk in combat.
   It curses itself when equipped.
 J - a +4 ring of evasion (left hand)
Wands
 o - a wand of acid (24)
 y - a wand of paralysis (13)
Scrolls
 i - 4 scrolls of fear
 k - 2 scrolls of remove curse
 p - a scroll of immolation
 r - 2 scrolls of amnesia
 v - a scroll of enchant weapon
 E - a scroll of brand weapon
 K - a scroll of identify
Potions
 a - 4 potions of flight
 d - a potion of might
 f - a potion of brilliance
 g - a potion of invisibility
 j - 7 potions of curing
 m - 3 potions of heal wounds
 u - 2 potions of magic
 x - 3 potions of mutation
 C - 3 potions of resistance
Miscellaneous
 I - a box of beasts


   Skills:
 + Level 5.7 Fighting
 * Level 11.1 Long Blades
 * Level 7.8 Armour
 - Level 4.0 Dodging
 * Level 8.0 Shields
 + Level 6.7 Invocations
 + Level 4.4 Evocations


You had 10 spell levels left.
You didn't know any spells.
Your spell library contained the following spells:

 Spells                   Type           Power        Failure   Level
 Foxfire                  Conj/Fire      0%           67%         1
 Sandblast                Erth           0%           67%         1
 Searing Ray              Conj           0%           82%         2
 Conjure Flame            Conj/Fire      0%           96%         3
 Inner Flame              Hex/Fire       0%           96%         3
 Static Discharge         Conj/Air       0%           96%         3
 Hailstorm                Conj/Ice       0%           100%        4
 Sticky Flame             Conj/Fire      0%           100%        4
 Fireball                 Conj/Fire      0%           100%        5
 Lee's Rapid Deconstruct  Erth           0%           100%        5


Dungeon Overview and Level Annotations

Branches:
Dungeon (10/15)            Temple (1/1) D:6            Lair (0/6) D:8
  Sewer (visited)         Ossuary (visited)
    Orc: D:9-12

Altars:
Ashenzari
Cheibriados
Dithmenos
Elyvilon
Fedhas
Gozag
Hepliaklqana
Kikubaaqudgha
Makhleb
Nemelex Xobeh
Okawaru
Qazlal
Ru
Sif Muna
Trog
Uskayaw
Vehumet
Wu Jian
Xom
Yredelemnul
Zin
The Shining One

Shops:
D:4 *   D:5 }[!!   D:9 *

Annotations:
D:7 2 transporters, roflc0ptic's ghost, novice OpTm
D:9 2 transporters, metroholografix's ghost, novice GrBe
D:10 Fannar
Abyss:1 Menkaure


Innate Abilities, Weirdness & Mutations

You cannot be hasted, slowed, berserked, paralysed or teleported.
You can dig through walls and to a lower floor.
Your four strong arms can wield two-handed weapons with a shield.
You have a pair of large antennae on your head. (SInv)
You are partially covered in iridescent scales. (AC +2)
You expend magic power (3 MP) to strengthen your wands.


Message History

You slash Fannar!
Fannar is almost dead.
Fannar says, "You will make a fine ice sculpture."
Fannar casts a spell.
Fannar drains the heat from the surrounding environment!
You feel very cold.
* * * LOW HITPOINT WARNING * * *
Fannar is frozen.
Fannar resists.
The ice beast hits you but does no damage.
You hit Fannar but do no damage.
Fannar is almost dead.
Fannar hits you but does no damage. Fannar freezes you!
* * * LOW HITPOINT WARNING * * *
The ice beast misses you.
You feel much better.
Fannar casts a spell.
Fannar drains the heat from the surrounding environment!
You feel very cold.
You die...
Your body glows with a rainbow of weird colours and disappears.

.#....##....##...#........
.#....##....##...#.......
.#....#.....#....#.....#
.#....#.....#....#.....#
.#....#.....#....#.....#
.#...#########...'.....#
.#...# ######.....# ?#...#
#...Y..#+### .'...#
#..e@..# .#...# #......#
.#...# +......# .#...#
#......# .#...# #......#
.#...# .......# .#...#
..####### .#.(.# ...
.#...#


You could see Fannar (icy armour) and an ice beast (summoned).

Vanquished Creatures
  An unseen horror (D:9)
  The ghost of JuniperTheExplorer the Chopper, a novice NaFi (D:5)
  A manticore (D:9)
  An ugly thing (D:9)
  The ghost of tehphobia the Cudgeller, a novice GrFi (D:4)
  2 trolls (D:9)
  A queen bee (D:9)
  A shadow (D:9)
  A yak (D:9)
  A sky beast (D:8)
  4 ice beasts
  3 ogres
  Duvessa (D:7)
  5 orc warriors
  2 black bears
  A necrophage (D:9)
  A phantom (D:7)
  4 centaurs
  4 bullfrogs
  4 big kobolds (Sewer)
  Dowan (D:7)
  6 scorpions
  9 killer bees (D:9)
  3 howler monkeys
  3 centaur zombies (Ossuary)
  A quasit (D:8)
  Crazy Yiuf (D:3)
  A hound (D:4)
  A centaur skeleton (D:5)
  5 orc priests
  4 orc wizards
  A bullfrog skeleton (D:6)
  2 gnoll shamans
  4 iguanas
  A statue (D:6)
  3 worker ants
  2 ogre zombies (Ossuary)
  A hound zombie (D:7)
  4 mummies (Ossuary)
  A worker ant zombie (D:8)
  8 gnolls
  A howler monkey skeleton (D:5)
  8 adders
  2 river rats (Sewer)
  A shadow imp (D:8)
  3 white imps
  4 ufetubi
  4 oozes
  7 adder zombies
  An adder skeleton (D:9)
  9 worms
  2 dart slugs
  7 leopard geckos
  34 orcs
  9 ball pythons
  10 bats
  2 giant cockroaches
  5 goblins
  5 hobgoblins
  4 jackals
  3 quokkas
  A ball python skeleton (D:4)
  A ball python zombie (D:5)
  15 frilled lizards
  A gnoll zombie (Ossuary)
  A goblin zombie (Ossuary)
  3 hobgoblin zombies (Ossuary)
  A jackal skeleton (D:5)
  10 kobolds
  5 kobold zombies (Ossuary)
  2 leopard gecko skeletons
  A leopard gecko zombie (D:5)
  An orc zombie (Ossuary)
  4 quokka zombies
  16 rats
  6 rat zombies (Ossuary)
  A spectral orc (D:4)
292 creatures vanquished.

Vanquished Creatures (others)
  8 plants
8 creatures vanquished.

Grand Total: 300 creatures vanquished

Notes
Turn   | Place    | Note
-------+----------+-------------------------------------------
     0 | D:1      | Tirrikindir the Formicid Fighter began the quest for the
                  | Orb.
     0 | D:1      | Reached XP level 1. HP: 18/18 MP: 1/1
    90 | D:1      | Reached XP level 2. HP: 21/24 MP: 2/2
   623 | D:2      | Reached XP level 3. HP: 29/29 MP: 3/3
   935 | D:2      | Found an ancient bone altar of Kikubaaqudgha.
  1076 | D:2      | Found a hazy altar of Hepliaklqana.
  1147 | D:2      | Gained mutation: You expend magic power (3 MP) to
                  | strengthen your wands. [potion of mutation]
  1147 | D:2      | Gained mutation: You are partially covered in iridescent
                  | scales. (AC +2) [potion of mutation]
  1265 | D:2      | Found a sparkling altar of Nemelex Xobeh.
  1324 | D:2      | Became a worshipper of Nemelex Xobeh the Trickster
  1356 | D:2      | Reached XP level 4. HP: 36/36 MP: 4/4
  1381 | D:2      | Reached skill level 1 in Dodging
  1388 | D:2      | Found a burning altar of Makhleb.
  1574 | D:3      | Found a snail-covered altar of Cheibriados.
  1645 | D:3      | Reached skill level 3 in Long Blades
  1660 | D:3      | Found a glowing drain.
  1730 | Sewer    | Entered a sewer
  1754 | Sewer    | Noticed a big kobold
  1788 | Sewer    | Killed a big kobold
  1789 | Sewer    | Reached skill level 1 in Invocations
  1789 | Sewer    | Reached XP level 5. HP: 18/42 MP: 5/5
  2107 | Sewer    | Noticed a big kobold
  2140 | Sewer    | Killed a big kobold
  2141 | Sewer    | Reached XP level 6. HP: 43/48 MP: 5/7
  2261 | Sewer    | Reached skill level 4 in Long Blades
  2598 | Sewer    | Reached XP level 7. HP: 39/54 MP: 8/8
  2712 | Sewer    | Reached skill level 5 in Shields
  3357 | D:3      | Found a runed translucent door.
  3358 | D:3      | Noticed Crazy Yiuf
  3369 | D:3      | Killed Crazy Yiuf
  3502 | D:4      | Found a runed translucent door.
  3514 | D:4      | Noticed tehphobia's ghost (novice GrFi)
  3574 | D:4      | Found Taekkese's General Store.
  3587 | D:4      | Found a white marble altar of Elyvilon.
  3587 | D:4      | Reached * piety under Nemelex Xobeh
  3692 | D:4      | Found an iron altar of Okawaru.
  3693 | D:4      | Found the cursed +14 obsidian axe {vorpal, +Fly SInv
                  | *Curse}
  3746 | D:4      | Found a basalt altar of Yredelemnul.
  3891 | D:4      | Found a runed translucent door.
  3939 | D:4      | Reached skill level 5 in Long Blades
  3939 | D:4      | Reached skill level 1 in Evocations
  4058 | D:5      | Entered Level 5 of the Dungeon
  4073 | D:5      | Received a gift from Nemelex Xobeh
  4092 | D:5      | Reached XP level 8. HP: 60/60 MP: 10/10
  4103 | D:5      | Reached skill level 5 in Armour
  4126 | D:5      | Found a runed translucent gate.
  4126 | D:5      | Found a runed translucent gate.
  4147 | D:5      | Found a runed translucent gate.
  4148 | D:5      | Noticed JuniperTheExplorer's ghost (novice NaFi)
  4200 | D:5      | Found Dorrijecs's Distillery.
  4264 | D:5      | Found a glowing silver altar of Zin.
  4335 | D:5      | Reached skill level 6 in Long Blades
  4375 | D:5      | Found Pozarhoe's Gadget Boutique.
  4482 | D:5      | Found Keottuir's Antique Armour Boutique.
  4491 | D:5      | Bought a pair of glowing gloves for 135 gold pieces
  4491 | D:5      | Bought a pair of runed boots for 135 gold pieces
  4501 | D:5      | Identified a +1 pair of boots of running (You bought it in
                  | a shop on level 5 of the Dungeon)
  4524 | D:5      | Found Xeton's Distillery.
  4527 | D:5      | Bought a potion of flight for 33 gold pieces
  5047 | D:6      | Reached skill level 7 in Long Blades
  5047 | D:6      | Reached skill level 5 in Invocations
  5105 | D:6      | Found a sand-covered staircase.
  5112 | Ossuary  | Entered an ossuary
  5112 | Ossuary  | Reached ** piety under Nemelex Xobeh
  5118 | Ossuary  | Reached XP level 9. HP: 35/65 MP: 12/12
  5397 | Ossuary  | Reached skill level 8 in Long Blades
  5586 | Ossuary  | Noticed Menkaure
  5596 | Ossuary  | Banished Menkaure
  5925 | D:6      | Found a radiant altar of Vehumet.
  5986 | D:6      | Identified the Grimoire of the Mountains and Blows and
                  | Bruises
  6106 | D:6      | Reached skill level 9 in Long Blades
  6496 | D:6      | Found a staircase to the Ecumenical Temple.
  6500 | Temple   | Entered the Ecumenical Temple
  7227 | D:7      | Noticed Duvessa
  7227 | D:7      | Noticed Dowan
  7228 | D:7      | Received a gift from Nemelex Xobeh
  7233 | D:7      | Killed Duvessa
  7234 | D:7      | Reached skill level 10 in Long Blades
  7238 | D:7      | Killed Dowan
  7394 | D:7      | Found a transporter.
  7398 | D:7      | Identified the +7 dagger "Vukoe" {antimagic, rPois rC++
                  | MP-9 Dex+3}
  7399 | D:7      | Noticed a moth of wrath
  7408 | D:7      | Noticed roflc0ptic's ghost (novice OpTm)
  7451 | D:7      | Found a bloodstained altar of Trog.
  7473 | D:7      | Found a transporter.
  7929 | D:4      | Killed tehphobia's ghost
  7930 | D:4      | Reached XP level 10. HP: 56/72 MP: 13/13
  8244 | D:8      | Found a staircase to the Lair.
  8262 | D:8      | Reached *** piety under Nemelex Xobeh
  8304 | D:8      | Found a burning altar of Makhleb.
  8304 | D:8      | Noticed a blizzard demon
  8711 | D:9      | Received a gift from Nemelex Xobeh
  8754 | D:9      | Found a transporter.
  8758 | D:9      | Found a bloodstained altar of Trog.
  8766 | D:9      | Found a transporter.
  8766 | D:9      | Noticed metroholografix's ghost (novice GrBe)
  8766 | D:9      | Identified the +11 spear of Eternal War {antimagic, +Rage}
  8766 | D:9      | Noticed a tengu warrior
  8766 | D:9      | Identified the +6 war axe "Jellybane" {flame, rC- Dex+5}
  8767 | D:9      | Noticed a moth of wrath
  8839 | D:9      | Received a gift from Nemelex Xobeh
  9095 | D:9      | Found Baywuriq's Assorted Antiques.
  9100 | D:9      | Bought a notched bronze ring for 135 gold pieces
  9119 | D:9      | Reached skill level 5 in Fighting
  9173 | D:9      | Found a sacrificial altar of Ru.
  9328 | D:9      | Noticed a red ugly thing
  9344 | D:9      | Killed a red ugly thing
  9345 | D:9      | Reached XP level 11. HP: 66/79 MP: 15/15
  9354 | D:9      | Noticed a manticore
  9364 | D:9      | Killed a manticore
  9492 | D:9      | Found a burning altar of Makhleb.
  9492 | D:9      | Noticed an unseen horror
  9512 | D:9      | Killed an unseen horror
  9513 | D:9      | Reached skill level 11 in Long Blades
  9851 | D:9      | Found the cursed necklace of Bloodlust {*Rage +Rage Will++
                  | Int-3 Slay+6 *Curse}
 10070 | D:5      | Killed JuniperTheExplorer's ghost
 10307 | D:10     | Entered Level 10 of the Dungeon
 10317 | D:10     | Reached **** piety under Nemelex Xobeh
 10431 | D:10     | Received a gift from Nemelex Xobeh
 10886 | D:10     | Noticed Fannar
 10902 | D:10     | Killed from afar by Fannar

Illustrated notes

Levels and vault maps discovered:
D:1:      dpeg_arrival_stonehenge_8_columns, layout_basic,
          hangedman_decor_clover_reticule, kennysheep_flooded_box
D:2:      kennysheep_big_flooded_room, layout_basic,
          nicolae_overflow_crystal_walls, nemelex_altar_shiori,
          lemuel_coloured_pillars_altar, overflow_temple_1_default,
          minmay_3d_cube
D:3:      layout_loops_ring, general_overflow_altar,
          cheibrodos_sewer_entry_sluice, uniq_crazy_yiuf_cottage
D:4:      black_bear_nest_2, layout_rooms, yredelemnul_forgotten_temple_becter,
          elyvilon_altar_5, serial_shops, kennysheep_mini_moat,
          ebering_ghost_sewer_f, okawaru_ov_weapons_minmay
D:5:      layout_loops_ring, marbit_many_paths, serial_shops,
          nicolae_shop_stone, nicolae_shop_trees, shop, nicolae_shop_waterfront,
          ebering_ghost_rock_garden
D:6:      kennysheep_six_static_rooms, layout_rooms, vehumet_statue,
          chequers_ossuary_entry_cave, minmay_lizard_king
D:7:      layout_loops_ring, gammafunk_ghost_wrathful_warriors, uniq_duvessa
D:8:      layout_cave_pools, lair_entry_dummy, serial_bayou_pond_d,
          minivault_22, makhleb_altar_promises_db
D:9:      minmay_the_grid_triangle_9x9_rhombus_thin
          [minmay_the_grid_triangle_9x9_shrine,
          minmay_the_grid_triangle_9x9_prize_insulated,
          minmay_the_grid_triangle_9x9_intruding_spiral,
          minmay_the_grid_triangle_9x9_odd_lines], layout_small_grid,
          overflow_temple_1_default, gammafunk_ghost_wrathful_warriors,
          serial_shops, kennysheep_little_box, nicolae_looking_at_the_future
D:10:     layout_gridville, uniq_fannar
Temple:   minmay_temple_forest_path

Skill      XL: |  1  2  3  4  5  6  7  8  9 10 11 |
---------------+----------------------------------+-----
Shields        | 4 5 7 8 |  8.0
Dodging        | 1 2 4 |  4.0
Long Blades    | 3 4 5 7 10 11 | 11.1
Invocations    | 1 2 3 5 6 |  6.7
Fighting       | 4 5 |  5.7
Armour         | 4 5 6 7 |  7.8
Evocations     | 1 2 3 4 |  4.4

Action                   |  1- 3 |  4- 6 |  7- 9 | 10-12 || total
-------------------------+-------+-------+-------+-------++-------
Melee: Long sword        |   135 |   223 |   361 |   354 ||  1073
       Falchion          |       |       |    85 |       ||    85
Invok: Draw Destruction  |       |       |     8 |     2 ||    10
       Draw Escape       |       |       |     1 |     1 ||     2
 Abil: Dig               |       |       |       |     3 ||     3
  Use: Scroll            |     6 |     4 |    10 |     9 ||    29
       Potion            |     1 |       |     3 |     1 ||     5
Armor: Scale mail        |    65 |    66 |    32 |       ||   163
       Ring mail         |       |       |   109 |    82 ||   191
Dodge: Dodged            |    35 |    48 |   120 |    98 ||   301
Block: Kite shield       |    72 |   112 |   252 |   261 ||   697
       Reflection        |       |       |     1 |     5 ||     6
       Rpst.: Long sword |    11 |    19 |    30 |    22 ||    82
       Falchion          |       |       |    10 |       ||    10
